 Dungeon Crawl Stone Soup version 0.24.0-37-gcf1ca852f1 (webtiles) character file.

Game seed: 2721207378679454557, levelgen mode: deterministic

233 sankara the Slinger (level 6, -1/42 HPs)
             Began as a Halfling Hunter on Dec 4, 2019.
             Killed from afar by Blork the orc (5 damage)
             ... with a puff of flame
             ... on level 4 of the Dungeon.
             The game lasted 00:08:28 (2971 turns).

sankara the Slinger (Halfling Hunter)               Turns: 2971, Time: 00:08:28

Health: -1/42      AC:  5    Str: 15    XL:     6   Next: 25%
Magic:  6/6        EV: 15    Int:  9    God:
Gold:   99         SH:  5    Dex: 15    Spells: 5/5 levels left

rFire    . . .     SeeInvis .   a - +1 hunting sling
rCold    . . .     Gourm    .   v - +0 buckler
rNeg     . . .     Faith    .   c - +0 leather armour
rPois    .         Spirit   .   u - +0 helmet
rElec    .         Reflect  .   (no cloak)
rCorr    .         Harm     .   (no gloves)
MR       .....                  h - +0 pair of boots
Stlth    ++........             (no amulet)
HPRegen  0.14/turn              (no ring)
MPRegen  0.10/turn              (no ring)

@: no status effects
A: small, mutation resistance 1
a: no special abilities


You were on level 4 of the Dungeon.
You were not hungry.

You visited 1 branch of the dungeon, and saw 4 of its levels.

You collected 99 gold pieces.

Inventory:

Hand Weapons
 a - a +1 hunting sling (weapon)
 b - a +0 vampiric dagger
 j - a +0 short sword
Missiles
 e - 84 stones (quivered)
Armour
 c - a +0 leather armour (worn)
 h - a +0 pair of boots (worn)
 u - a +0 helmet (worn)
 v - a +0 buckler (worn)
Jewellery
 k - an uncursed ring of teleportation
Wands
 x - a wand of polymorph (3)
Scrolls
 g - a scroll of teleportation
 m - a scroll of remove curse
 o - a scroll of identify {unknown}
 q - a scroll of fear {unknown}
 t - a scroll of noise {unknown}
 w - a scroll of blinking {unknown}
Potions
 i - a potion of lignification {unknown}
 n - a potion of heal wounds {unknown}
 p - a potion of curing {unknown}
 r - a potion of might {unknown}
 s - a potion of degeneration {unknown}
Comestibles
 f - 11 rations
 l - a chunk of flesh


   Skills:
 + Level 3.0 Fighting
 * Level 8.2 Slings
 + Level 3.7 Dodging
 - Level 1.1 Stealth
 + Level 1.0 Shields


You had 5 spell levels left.
You didn't know any spells.
Your spell library contained the following spells:

 Spells                   Type           Power        Failure   Level  Hunger
 Magic Dart               Conj           #...         61%         1    ##.....
 Blink                    Tloc           N/A          75%         2    ###....
 Call Imp                 Summ           #.......     75%         2    ###....
 Slow                     Hex            #.......     75%         2    ###....
 Conjure Flame            Conj/Fire      #.......     93%         3    ####...
 Mephitic Cloud           Conj/Pois/Air  #.......     93%         3    ####...


Dungeon Overview and Level Annotations

Branches:
Dungeon (4/15)
 Temple: D:4-7

Altars:
Cheibriados

Annotations:
D:3 1 runed translucent door, Crazy Yiuf
D:4 Blork the orc


Innate Abilities, Weirdness & Mutations

You are small and have problems with some larger weapons.
You are somewhat resistant to further mutation.


Message History

Firing (i - inventory)
e - 87 stones (quivered)
Press: ? - help, Shift-Dir - straight line You shoot a stone.
Something barely misses you. Something hits you but does no damage.
Firing (i - inventory)
e - 86 stones (quivered)
Press: ? - help, Shift-Dir - straight line You shoot a stone.
Something hits you.
Firing (i - inventory)
e - 85 stones (quivered)
Press: ? - help, Shift-Dir - straight line You shoot a stone.
Something hits you!
* * * LOW HITPOINT WARNING * * *
You hear some strange, mumbled words.
A puff of flame appears from out of thin air!
The puff of flame hits you.
* * * LOW HITPOINT WARNING * * *
A puff of flame appears from out of thin air!
The puff of flame misses you.
A puff of flame appears from out of thin air!
The puff of flame hits you.
You die...

#######
#<....#
#.....#
#####.....#
#....@....#
#.........#
#.........#
#....{....#
#....(....#
#....(....#
#.........#
#.........#
#....(....#


There were no monsters in sight!

Vanquished Creatures
  Natasha (twice) (D:2)
  Ijyb (D:3)
  2 worker ants
  Robin (D:3)
  An adder (D:3)
  2 worms (D:2)
  2 dart slugs
  A leopard gecko (D:3)
  2 giant cockroaches (D:2)
  22 goblins
  12 hobgoblins
  2 jackals (D:3)
  4 kobolds
  2 ball pythons
  8 bats
  7 frilled lizards
  10 rats
81 creatures vanquished.

Notes
Turn   | Place    | Note
-------+----------+-------------------------------------------
     0 | D:1      | sankara the Halfling Hunter began the quest for the Orb.
     0 | D:1      | Reached XP level 1. HP: 14/14 MP: 1/1
    13 | D:1      | Reached skill level 6 in Slings
    56 | D:1      | Reached XP level 2. HP: 19/19 MP: 2/2
   453 | D:1      | Reached XP level 3. HP: 24/24 MP: 3/3
   462 | D:1      | Found a snail-covered altar of Cheibriados.
  1167 | D:2      | Noticed Natasha
  1182 | D:2      | Killed Natasha
  1182 | D:2      | Reached skill level 7 in Slings
  1182 | D:2      | Reached XP level 4. HP: 4/30 MP: 4/4
  1516 | D:2      | Noticed Natasha
  1524 | D:2      | Killed Natasha
  1526 | D:2      | Reached XP level 5. HP: 32/35 MP: 5/5
  2321 | D:3      | Noticed Robin
  2337 | D:3      | Killed Robin
  2506 | D:3      | Found a runed translucent door.
  2507 | D:3      | Noticed Crazy Yiuf
  2641 | D:3      | Noticed Ijyb
  2660 | D:3      | Killed Ijyb
  2772 | D:3      | Reached skill level 8 in Slings
  2861 | D:3      | Reached XP level 6. HP: 41/41 MP: 6/6
  2937 | D:4      | Reached skill level 1 in Shields
  2951 | D:4      | Noticed Blork the orc
  2971 | D:4      | Killed from afar by Blork the orc

Levels and vault maps discovered:
D:1:      lightli_arrival_chessboard, layout_basic, cheibriados_altar_1
D:2:      layout_loops_corners, chequers_serial_rivers_room_b, uniq_natasha
D:3:      layout_rooms, first_ration, uniq_crazy_yiuf_cottage, uniq_robin,
          uniq_ijyb
D:4:      layout_gridville, grunt_temple_overflow_open,
          ebering_ghost_reflecting_pool, serial_shops, shop, uniq_blork_the_orc

Skill      XL: |  1  2  3  4  5  6 |
---------------+-------------------+-----
Slings         | 6 7 8 |  8.2
Fighting       | 2 3 |  3.0
Dodging        | 3 |  3.7
Shields        | 1 |  1.0
Stealth        | |  1.1

Action                   |  1- 3 |  4- 6 || total
-------------------------+-------+-------++-------
Melee: Dagger            |     5 |       ||     5
       Unarmed           |       |     1 ||     1
 Fire: Hunting sling     |   116 |   168 ||   284
  Use: Scroll            |       |     2 ||     2
  Eat: Chunk             |     1 |     5 ||     6
Armor: Leather armour    |     6 |     9 ||    15
Dodge: Dodged            |    31 |    34 ||    65
Block: Buckler           |       |     7 ||     7
